 Dungeon Crawl Stone Soup version 0.29-a0-892-g2c4c91d9db (webtiles) character file.

Game seed: 9176615694723314473

2802 Spectrina the Magician (level 10, -1/62 HPs)
             Began as a Djinni Arcane Marksman on July 22, 2022.
             Was an Elder of Dithmenos.
             Slain by a two-headed ogre
             ... wielding a +0 halberd
              (12 damage)
             ... in a bailey on July 23, 2022.
             The game lasted 00:37:17 (3044 turns).

Spectrina the Magician (Djinni Arcane Marksman)     Turns: 3044, Time: 00:37:18

Health: -1/62      AC:  5    Str: 15    XL:     10   Next: 2%
Gold:   278        EV: 16    Int: 18    God:    Dithmenos [****..] SH:  5 Dex: 18

rFire   + + +      SeeInvis .   a - +6 demon trident "Asyo" {elec, *Noise +Blink rCorr Dex+3}
rCold   x . .      Faith    .   (no shield)
rNeg    . . .      Spirit   .   B - +2 leather armour {rF+}
rPois   ∞          Reflect  +   (no helmet)
rElec   .          Harm     .   (no cloak)
rCorr   +          Rampage  .   (no gloves)
Will    +....                   (boots unavailable)
Stlth   +++++.....              f - amulet of reflection
HPRegen 0.20/turn               H - +4 ring of evasion
MPRegen 0.00/turn               d - +6 ring of strength

@: flying, wreathed by umbra
A: sickness immunity, fire resistance 2, cold vulnerability 1, float, innate
caster, HP casting, extra vitality 1
a: Renounce Religion, Evoke Blink, Shadow Step


You were in a bailey.
You worshipped Dithmenos.
Dithmenos was greatly pleased with you.
You visited 1 branch of the dungeon, and saw 8 of its levels.
You also visited: Sewer, Ossuary and Bailey.

You collected 278 gold pieces.

Inventory:

Hand Weapons
 a - the +6 demon trident "Asyo" (weapon) {elec, *Noise +Blink rCorr Dex+3}
   (You found it on level 3 of the Dungeon)

   It occasionally discharges a powerful burst of electricity upon striking a
   foe.
   Dex:       It affects your dexterity (+3).
   +Blink:    It lets you blink.
   *Noise:    It may make noises in combat.
   rCorr:     It protects you from acid and corrosion.
 b - a +0 sling
 g - a +2 dagger of speed
 n - a +0 dagger of draining
 x - a +0 dagger of holy wrath
Missiles
 k - 6 poisoned darts
 F - 6 javelins
Armour
 c - a +0 robe
 B - a +2 leather armour of fire resistance (worn)
Jewellery
 d - a +6 ring of strength (right hand)
 f - an amulet of reflection (around neck)
 o - a ring of protection from cold
 H - a +4 ring of evasion (left hand)
 I - a ring of willpower
 J - a +6 ring of strength
 K - a ring of wizardry
 M - a ring of protection from fire
 N - a ring of willpower
Wands
 z - a wand of polymorph (10)
Scrolls
 e - 3 scrolls of vulnerability
 i - a scroll of silence
 j - 4 scrolls of teleportation
 l - a scroll of magic mapping
 m - 2 scrolls of noise {unknown}
 p - a scroll of acquirement {unknown}
 t - 2 scrolls of butterflies {unknown}
 v - a scroll of immolation {unknown}
 y - 2 scrolls of enchant armour {unknown}
 G - a scroll of enchant weapon {unknown}
 L - a scroll of blinking {unknown}
Potions
 h - 4 potions of curing
 q - a potion of ambrosia
 r - 2 potions of mutation
 s - 4 potions of brilliance
 u - 4 potions of haste
 w - 2 potions of might
 A - 3 potions of cancellation
 C - 2 potions of degeneration
 D - a potion of flight
 E - a potion of attraction


   Skills:
 - Level 1.0 Fighting
 + Level 5.0 Polearms
 - Level 1.5 Ranged Weapons
 - Level 2.1 Dodging
 + Level 5.7 Stealth
 * Level 7.7 Spellcasting


You had 4 spell levels left.
You knew the following spells:

 Your Spells              Type           Power      Damage    Failure   Level
a - Slow                  Hex            100%       N/A       1%          1
b - Blink                 Tloc           68%        N/A       1%          2
c - Corpse Rot            Necr/Pois/Air  34%        N/A       4%          4
i - Inner Flame           Hex/Fire       34%        N/A       1%          3
m - Cause Fear            Hex            17%        N/A       4%          4
p - Summon Small Mammal   Summ           100%       N/A       1%          1
r - Searing Ray           Conj           68%        2d6       1%          2
y - Portal Projectile     Hex/Tloc       68%        N/A       1%          3
Your spell library was empty.

Dungeon Overview and Level Annotations

Branches:
Dungeon (8/15)             Temple (0/1) D:4           Sewer (visited)
Ossuary (visited)          Bailey (1/1)
   Lair: D:8-11

Altars:
Dithmenos


Innate Abilities, Weirdness & Mutations

You are immune to sickness and miasma.
You are immune to poison.
Your flesh is very heat resistant. (rF++)
You are vulnerable to cold. (rC-)
You float through the air rather than walking.
You learn spells naturally, not from books.
Your magical power is your life essence.
You have superior vitality. (+4 MHP)


Message History

The two-headed ogre is heavily wounded.
Reach: a) +6 demon trident "Asyo" {elec, *Noise +Blink rCorr Dex+3}
Press: ? - help, Dir - move target, f/p - two-headed ogre
Aim: a two-headed ogre, wielding two +0 halberds (flame, heavily wounded, inner flame, ally target, umbra, about 20% to evade the +6 demon trident "Asyo")
You reach to attack!
You puncture the two-headed ogre!
Flame seeps out of the two-headed ogre.
The two-headed ogre is severely wounded.
Your quokka barely misses the two-headed ogre.
The two-headed ogre is engulfed in blazing flames.
Flame seeps out of the two-headed ogre.
The two-headed ogre hits you from afar with a +0 halberd!!
* * * LOW HITPOINT WARNING * * *
You emit a cloud of dark smoke.
You block the two-headed ogre's attack.
A spriggan comes into view. It is wielding a +0 trident.
Unknown command.
Unknown command.
Unknown command.
Reach: a) +6 demon trident "Asyo" {elec, *Noise +Blink rCorr Dex+3}
Press: ? - help, Dir - move target, f/p - two-headed ogre
Aim: a two-headed ogre, wielding two +0 halberds (almost dead, inner flame, ally target, umbra, about 20% to evade the +6 demon trident "Asyo")
Okay, then.
Unknown command.
Casting: Inner Flame (safe; 1% risk of failure)
Confirm with . or Enter, or press ? or * to list all spells.
Casting: Cause Fear (dangerous; 4% risk of failure)
Press: ? - help, Dir - look around, f - activate Look: a spriggan, wielding a +0 trident and wearing +0 steam dragon scales (umbra, chance to affect: 37%)
Okay, then.
Unknown command.
Unknown command.
Unknown command.
Okay, then.
Reach: a) +6 demon trident "Asyo" {elec, *Noise +Blink rCorr Dex+3}
Press: ? - help, Dir - move target, f/p - two-headed ogre
Aim: a two-headed ogre, wielding two +0 halberds (almost dead, inner flame, ally target, umbra, about 20% to evade the +6 demon trident "Asyo")
You could not reach far enough!
Your quokka closely misses the two-headed ogre.
The two-headed ogre completely misses you.
The two-headed ogre hits you from afar with a +0 halberd!
You die...

### #... ##.## #..# ### .##
##...## ##..#♣ ..# ..##
#.....# ##..##. ..##..##
##.....###))##.. ♣♣#♣..#...#
#...∩..≈≈≈).#.i♣♣.?)♣♣.#...#
#......≈≈≈..♣..#O.≈?!♣.♣≈..#
#......≈)≈..#§.rO≈≈≈[♣.r≈..#
#......≈)≈..#§@# ♣.#≈..#
#...∩..≈≈≈..#§§♣♣ ♣♣.#r..#
##.....###..#♣..♣♣#♣♣..#...#
#.....# ##..##...r...♣#..##
##...## ##..##.....##..##
##.## ##..#######..## ##
##.........## ##.......##
#########


You could see a two-headed ogre (inner flame, ally target), an ogre, a spriggan
and a friendly quokka (summoned).

Vanquished Creatures
  A spriggan (Bailey)
  A wraith (D:5)
  A steam dragon (Bailey)
  A black bear (D:8)
  A sky beast (D:7)
  An orc warrior (D:8)
  Pargi (Sewer)
  A centaur (D:6)
  5 ogres
  A phantom (D:5)
  8 scorpions (Ossuary)
  A necrophage (D:4)
  A bullfrog (D:6)
  5 centaur zombies (Ossuary)
  2 human zombies (Ossuary)
  An orc priest (D:8)
  5 hounds
  3 jellies
  An iguana (D:3)
  2 scorpion zombies (Ossuary)
  4 mummies
  9 adders
  A white imp (D:5)
  3 worms
  2 dart slugs
  16 orcs
  9 ball pythons
  5 endoplasms
  3 giant cockroaches
  6 gnoll zombies (Ossuary)
  9 hobgoblins
  4 jackals (D:2)
  5 quokkas
  3 bats
  9 frilled lizards
  8 goblins
  2 goblin zombies (Ossuary)
  2 hobgoblin zombies
  6 kobolds
  2 orc zombies
  3 rats
154 creatures vanquished.

Vanquished Creatures (collateral kills)
  A scorpion zombie (Ossuary)
  An adder (D:5)
  2 orcs
  A gnoll zombie (Ossuary)
  A hobgoblin zombie (Ossuary)
  A kobold zombie (Ossuary)
7 creatures vanquished.

Vanquished Creatures (others)
  A plant (D:1)
1 creature vanquished.

Grand Total: 162 creatures vanquished

Notes
Turn   | Place    | Note
-------+----------+-------------------------------------------
     0 | D:1      | Spectrina the Djinni Arcane Marksman began the quest for
                  | the Orb.
     0 | D:1      | Spectrina set off with the following spells memorised:
                  | Slow, Inner Flame, Portal Projectile, Cause Fear.
     0 | D:1      | Reached XP level 1. HP: 17/17 MP: 0/0
   110 | D:1      | Found a faded altar of an unknown god.
   114 | D:1      | Prayed at the altar of an unknown god.
   114 | D:1      | Became a worshipper of Dithmenos the Shadowed
   114 | D:1      | Reached * piety under Dithmenos
   123 | D:1      | Reached XP level 2. HP: 22/22 MP: 0/0
   217 | D:1      | Reached skill level 3 in Spellcasting
   282 | D:1      | Reached XP level 3. HP: 25/27 MP: 0/0
   282 | D:1      | Learned a level 1 spell: Summon Small Mammal
   470 | D:3      | Identified the +6 demon trident "Asyo" {elec, *Noise +Blink
                  | rCorr Dex+3}
   503 | D:3      | Reached skill level 1 in Stealth
   503 | D:3      | Reached XP level 4. HP: 32/32 MP: 0/0
   549 | D:3      | Reached ** piety under Dithmenos
   570 | D:3      | Found a glowing drain.
   582 | Sewer    | Entered a sewer
   709 | Sewer    | Noticed Pargi
   743 | Sewer    | Killed Pargi
   744 | Sewer    | Reached skill level 1 in Polearms
   744 | Sewer    | Reached skill level 4 in Spellcasting
   744 | Sewer    | Reached XP level 5. HP: 30/37 MP: 0/0
   744 | Sewer    | Learned a level 2 spell: Searing Ray
   820 | D:3      | Reached XP level 6. HP: 41/42 MP: 0/0
  1340 | D:4      | Reached XP level 7. HP: 38/47 MP: 0/0
  1340 | D:4      | Learned a level 2 spell: Blink
  1353 | D:4      | Reached *** piety under Dithmenos
  1367 | D:5      | Entered Level 5 of the Dungeon
  1520 | D:5      | Reached skill level 5 in Spellcasting
  1700 | D:5      | Found a sand-covered staircase.
  1710 | Ossuary  | Entered an ossuary
  1743 | Ossuary  | Reached XP level 8. HP: 43/52 MP: 0/0
  1854 | Ossuary  | Reached skill level 6 in Spellcasting
  1949 | Ossuary  | Reached **** piety under Dithmenos
  2002 | Ossuary  | Reached XP level 9. HP: 23/57 MP: 0/0
  2002 | Ossuary  | Learned a level 4 spell: Corpse Rot
  2345 | D:4      | Found a staircase to the Ecumenical Temple.
  2752 | D:6      | Reached skill level 7 in Spellcasting
  2772 | D:7      | Reached skill level 5 in Stealth
  2936 | D:8      | Found a flagged portal.
  2944 | Bailey   | Entered a bailey
  3025 | Bailey   | Reached skill level 5 in Polearms
  3025 | Bailey   | Reached XP level 10. HP: 39/62 MP: 0/0
  3039 | Bailey   | Noticed a two-headed ogre
  3044 | Bailey   | Slain by a two-headed ogre

Illustrated notes

Levels and vault maps discovered:
D:1:      elethiomel_arrival_maze, layout_basic,
          shapermc_ecumenical_altar_mp_urbaneastern
D:2:      kennysheep_six_static_rooms, layout_loops_ring
D:3:      layout_rooms, gup_sewer_entry_bubbles
D:4:      layout_gridville, minmay_temple_entry_slanted
D:5:      layout_basic, serial_corexii_hall, corexii_hall_statues_l,
          corexii_hall_statues_s, nicolae_ossuary_entry_giza
D:6:      layout_basic, kennysheep_pointless_box
D:7:      layout_gridville, minmay_misc_feat_more_columns,
          minmay_splitting_lines, grunt_decor_one_mirror,
          kennysheep_big_empty_room, nicolae_concentric_dashed_squares_wild,
          minmay_unpleasant_kobolds
D:8:      layout_loops_ring, nicolae_sif_muna_little_library, enter_bailey_2,
          uniq_psyche
Bailey:   bailey_polearm_enchanted_keep_hellmonk, bailey

Skill      XL: |  1  2  3  4  5  6  7  8  9 |
---------------+----------------------------+-----
Spellcasting   | 3 4 5 6 7 |  7.7
Stealth        | 1 2 3 4 5 |  5.7
Polearms       | 1 2 3 5 |  5.0
Fighting       | |  1.0
Ranged Weapons | |  1.5
Dodging        | |  2.1

Action                   |  1- 3 |  4- 6 |  7- 9 | 10-12 || total
-------------------------+-------+-------+-------+-------++-------
Melee: Dagger            |    19 |       |       |       ||    19
       Demon trident     |     1 |    92 |   151 |     3 ||   247
       Punch             |       |     1 |     2 |       ||     3
 Fire: Sling             |    88 |    76 |    48 |       ||   212
 Cast: Inner Flame       |       |     1 |    16 |     1 ||    18
       Summon Small Mamm |       |     9 |    53 |     1 ||    63
       Slow              |       |     3 |     5 |       ||     8
       Searing Ray       |       |       |     5 |       ||     5
       Corpse Rot        |       |       |     1 |       ||     1
  Use: Scroll            |     4 |     3 |     7 |       ||    14
       Potion            |       |       |     1 |       ||     1
 Stab: Sleeping          |       |     5 |    11 |       ||    16
Armor: Robe              |    11 |     4 |     1 |       ||    16
       Leather armour    |       |       |    38 |       ||    38
Dodge: Dodged            |    34 |    33 |    68 |     3 ||   138
Block: Other             |    14 |    18 |    29 |     1 ||    62

Table legend: (Time is in decaauts)
 A = Elapsed time spent in this place.
 B = Non-inter-level travel time spent in this place.
 C = Inter-level travel time spent in this place.
 D = Time resting spent in this place.
 E = Time spent auto-exploring this place.
 F = Levels seen in this place.
 G = Mean time per level.
                   A        B        C        D        E       F      G
               +--------+--------+--------+--------+--------+-----+--------+
         Total |   3110 |   2882 |    228 |      0 |      0 |  11 |  282.7 |
       Dungeon |   2390 |   2162 |    228 |      0 |      0 |   8 |  298.8 |
         Sewer |    194 |    194 |      0 |      0 |      0 |   1 |  194.0 |
       Ossuary |    425 |    425 |      0 |      0 |      0 |   1 |  425.0 |
        Bailey |     99 |     99 |      0 |      0 |      0 |   1 |   99.0 |
               +--------+--------+--------+--------+--------+-----+--------+

Top non-repeatable levels by time:
     D:5: 637 daAuts
 Ossuary: 425 daAuts
     D:2: 402 daAuts
     D:1: 387 daAuts
     D:3: 308 daAuts
     D:4: 272 daAuts
     D:6: 199 daAuts
   Sewer: 194 daAuts
     D:8: 116 daAuts
  Bailey: 99 daAuts
     D:7: 65 daAuts
